[Event "Early-Titled-Tuesday-Blitz-October-10-2023"]
[Site "Chess.com"]
[Date "2023.10.10"]
[Round "7"]
[White "play1ngtheangel"]
[Black "Semen_Khanin"]
[Result "1-0"]
[WhiteElo "2688"]
[BlackElo "2851"]
[TimeControl "180+1"]
[EndTime "9:13:00 PDT"]
[Termination "play1ngtheangel won by resignation"]

1. e4 c5 2. Nf3 d6 3. Bb5+ Bd7 4. Bxd7+ Nxd7 5. O-O e6 6. d4 cxd4 7. Qxd4 Ngf6 8. c4 Be7 9. b3 O-O 10. Bb2 Qc7 11.
Nc3 a6 12. Rfe1 Ne5 13. Nxe5 dxe5 14. Qe3 Bc5 15. Qf3 Bd4 16. Rad1 Rfd8 17. Rd3 Rd7 18.
Red1 Rad8 19. Na4 b5 20. Bxd4 Rxd4 21. Rxd4 Rxd4 22. Rxd4 exd4 23. Nb2 Qa5 24. h3 Qe1+ 25. Kh2 Nxe4 26. Nd3 Qc3 27. Qxe4 h6 28. c5 Kf8 29.
Qa8+ Ke7 30. c6 Kd6 31. Nb4 Qd2 32. Qf8+ Kc7 33. Qe7+ Kb6 34. Qb7+ Ka5 35. c7 Qf4+ 36.
g3 Qxf2+ 37. Qg2 1-0

[Event "Early-Titled-Tuesday-Blitz-October-10-2023"]
[Site "Chess.com"]
[Date "2023.10.10"]
[Round "7"]
[White "Zq1"]
[Black "cycygogne"]
[Result "1-0"]
[WhiteElo "2516"]
[BlackElo "2274"]
[TimeControl "180+1"]
[EndTime "9:13:00 PDT"]
[Termination "Zq1 won by resignation"]

1. d4 Nf6 2. c4 c5 3. Nf3 cxd4 4. Nxd4 e5 5. Nb5 d5 6. cxd5 Bc5 7. N5c3 O-O 8. g3 Qb6 9. e3 Bg4 10. Be2 Bh3 11.
g4 Nbd7 12. Rg1 e4 13. Rg3 Bxg4 14. Bxg4 Ne5 15. Be2 Rfd8 16. Qb3 Qc7 17. Nd2 Nd3+ 18. Bxd3 exd3 19. Qc4 Rac8 20. Qxd3 Qa5 21. Nb3 Qb4 22. Nxc5 Rxc5 23. Qd4 Rxc3 1-0

[Event "Early-Titled-Tuesday-Blitz-October-10-2023"]
[Site "Chess.com"]
[Date "2023.10.10"]
[Round "7"]
[White "masterofpuppets2"]
[Black "parintele_chess"]
[Result "1-0"]
[WhiteElo "2517"]
[BlackElo "2264"]
[TimeControl "180+1"]
[EndTime "9:13:03 PDT"]
[Termination "masterofpuppets2 won by resignation"]

1. d4 Nf6 2. c4 e6 3. Nf3 d5 4.
Nc3 Bb4 5. Qa4+ Nc6 6. cxd5 exd5 7. Bg5 h6 8. Bxf6 Qxf6 9. e3 O-O 10. Be2 Be6 11. O-O Bd6 12. Qc2 Bf5 13. Qb3 Be6 14. Qxb7 Na5 15. Qb5 Nc4 16. Nxd5 Bxd5 17. Qxd5 Nxb2 18.
a4 c6 19. Qa2 Rab8 20. Rab1 g5 21. Rxb2 g4 22. Ne1 Rxb2 23. Qxb2 Rb8 24. Qc2 h5 25. Nd3 1-0

[Event "Early-Titled-Tuesday-Blitz-October-10-2023"]
[Site "Chess.com"]
[Date "2023.10.10"]
[Round "7"]
[White "DTChess"]
[Black "scarabee43"]
[Result "0-1"]
[WhiteElo "2629"]
[BlackElo "2792"]
[TimeControl "180+1"]
[EndTime "9:13:05 PDT"]
[Termination "scarabee43 won by resignation"]

1. e4 c5 2. Nf3 e6 3. Nc3 Nc6 4. g3 g6 5. Bg2 Bg7 6. O-O Nge7 7. d3 O-O 8. Be3 b6 9. Qd2 Bb7 10. Bh6 d5 11. Bxg7 Kxg7 12. h4 dxe4 13. Nxe4 Nf5 14. h5 gxh5 15. Rfe1 h4 16. gxh4 Nxh4 17. Qf4 Nxf3+ 18.
Bxf3 Nd4 19. Kh2 Nxf3+ 20. Qxf3 Qh4+ 21. Qh3 Qxh3+ 22. Kxh3 Bxe4 23. Rxe4 Rad8 24. Rg1+ Kh8 25. Rh4 Rd4 26. Rh5 c4 27. dxc4 Rxc4 28. c3 Rd8 29. Rg3 Rf4 30. f3 Rf6 31. b4 h6 32. a4 Kh7 33. a5 Rd3 34. axb6 axb6 35. Rb5 Rfxf3 36. Rxf3 Rxf3+ 37. Kh4 Rxc3 38. Rxb6 Kg6 39. Rb8 Kf5 40. b5 Rb3 41. b6 f6 42. b7 e5 43. Rh8 Rxb7 44. Rxh6 Rb3 45. Rh8 Kf4 46.
Rf8 f5 47. Kh5 Rg3 48. Ra8 e4 49. Ra3 0-1

[Event "Early-Titled-Tuesday-Blitz-October-10-2023"]
[Site "Chess.com"]
[Date "2023.10.10"]
[Round "7"]
[White "FERNANDEZL1983"]
[Black "YouShallNotPass001"]
[Result "1/2-1/2"]
[WhiteElo "2517"]
[BlackElo "2406"]
[TimeControl "180+1"]
[EndTime "9:13:05 PDT"]
[Termination "Game drawn by repetition"]

1. e4 e5 2. Nf3 Nc6 3. Bc4 Bc5 4. O-O Nf6 5. d4 Bxd4 6. Nxd4 Nxd4 7. Be3 Ne6 8. f4 d6 9. f5 Nd4 10. Nd2 c6 11. c3 Nb5 12. g4 h5 13. g5 Ng4 14. Qe2 Nxe3 15. Qxe3 Qb6 16. Qxb6 axb6 17. Bxb5 cxb5 18. Rfd1 Ke7 19. Nf1 Bd7 20. Ne3 Bc6 21. Nd5+ Bxd5 22. Rxd5 Ra5 23. a3 Rc8 24. Kf2 Rc5 25.
Rad1 Rxd5 26. Rxd5 b4 27. cxb4 Rxd5 28. exd5 b5 29. b3 g6 30. f6+ Kd7 31. Ke3 Kc7 32.
a4 Kb6 33. Kd3 Ka6 34. h3 Kb6 35. h4 Ka6 36. Kc3 Kb6 37. a5+ Ka6 38. Kd3 b6 39.
axb6 Kxb6 40. Ke4 Kc7 41. Kd3 Kb8 42. Ke4 Ka8 43. Kd3 Kb7 44. Ke4 Kc8 45. Kd3 Kd7 46.
Ke4 Ke8 47. Kd3 Kf8 48. Ke4 Kg8 49. Kd3 Kh8 50. Ke4 Kh7 51. Kd3 Kg8 52. Ke4 Kf8 53. Kd3 Ke8 54. Ke4 Kd8 55. Kd3 Kc8 56. Ke4 Kb8 57. Kd3 Ka8 58. Ke4 Ka7 59. Kd3 Ka6 60. Ke4 Kb6 61. Kd3 Kc7 62. Ke4 Kb7 63. Kd3 Kc8 64. Ke4 Kd7 65. Kd3 Ke8 66. Ke4 Kf8 67. Kd3 Kg8 68. Ke4 Kh8 69. Kd3 Kh7 70. Ke4 Kg8 71.
Kd3 Kf8 72. Ke4 Kg8 1/2-1/2

[Event "Early-Titled-Tuesday-Blitz-October-10-2023"]
[Site "Chess.com"]
[Date "2023.10.10"]
[Round "7"]
[White "aqibjbutt"]
[Black "Dannyyi"]
[Result "0-1"]
[WhiteElo "1974"]
[BlackElo "2198"]
[TimeControl "180+1"]
[EndTime "9:13:07 PDT"]
[Termination "Dannyyi won by resignation"]

1. d4 Nf6 2. Nf3 g6 3. c3 Bg7 4. g3 O-O 5. Bg2 d6 6. O-O Nc6 7. Re1 e5 8. dxe5 dxe5 9. Qxd8 Rxd8 10. e4 Re8 11. Nbd2 Bg4 12. h3 Bxf3 13. Nxf3 Rad8 14.
Bg5 h6 15. Bxf6 Bxf6 16. Rad1 Na5 17. b3 b6 18. Kf1 Nb7 19. Ke2 Nc5 20. Ng1 h5 21. h4 Bg7 22. Nh3 Bh6 23. f3 Kf8 24. Nf2 Ke7 25. Bh3 a5 26. Nd3 Nxd3 27. Rxd3 Rxd3 28.
Kxd3 Rd8+ 29. Kc4 Rd2 30. a4 Rh2 31. Bf1 Rf2 32. Be2 Bd2 0-1

[Event "Early-Titled-Tuesday-Blitz-October-10-2023"]
[Site "Chess.com"]
[Date "2023.10.10"]
[Round "7"]
[White "GlavkonVVS"]
[Black "maximnovik"]
[Result "0-1"]
[WhiteElo "2544"]
[BlackElo "2458"]
[TimeControl "180+1"]
[EndTime "9:13:15 PDT"]
[Termination "maximnovik won by resignation"]

1. c4 Nf6 2. Nc3 d5 3. cxd5 Nxd5 4. Qb3 Nxc3 5. bxc3 g6 6. Ba3 Bg7 7. Nf3 Nd7 8. d4 c5 9. e3 Qc7 10. Be2 b6 11. O-O Bb7 12. Rac1 O-O 13. Rfd1 Rfd8 14. c4 cxd4 15. exd4 e6 16. d5 Nc5 17. Qe3 e5 18. Bb2 Re8 19. d6 Qd7 20. h4 h6 21.
h5 g5 22. Nxg5 hxg5 23. Qxg5 Re6 24. Bg4 Kh8 25. Bxe6 Qxe6 26. f4 Rg8 27. Bxe5 f6 28. Qg6 fxe5 29. Qxe6 Nxe6 30. d7 exf4 31. Rd6 Bd4+ 32.
Kf1 Bxg2+ 33. Ke1 Bh3 34. Rd1 Bc3+ 35. Ke2 Bg4+ 36. Kd3 Bxd1 37. Kxc3 Bg4 38. h6 Kh7 39. Kd2 f3 40. Ke3 Rf8 41. Kf2 Kxh6 42. a4 Kg5 0-1

[Event "Early-Titled-Tuesday-Blitz-October-10-2023"]
[Site "Chess.com"]
[Date "2023.10.10"]
[Round "7"]
[White "LeoLV10"]
[Black "amylazy"]
[Result "1-0"]
[WhiteElo "2562"]
[BlackElo "2402"]
[TimeControl "180+1"]
[EndTime "9:13:17 PDT"]
[Termination "LeoLV10 won by resignation"]

1. e4 c5 2. Nf3 e6 3. d4 cxd4 4. Nxd4 a6 5. Bd3 Bc5 6. Nb3 Be7 7. O-O d5 8. exd5 Qxd5 9. Nc3 Qd8 10. Qe2 Nf6 11.
Be3 O-O 12. a4 b6 13. Rfd1 Qc7 14. Qf3 Bb7 15. Qh3 Nbd7 16. a5 b5 17. Rac1 Rfe8 18. Ne2 Nf8 19. Bf4 Qc8 20. c4 b4 21. Be3 Rd8 22. Bb6 Rxd3 23. Qxd3 N8d7 24. c5 Ne5 25. Qg3 Ng6 26. c6 Bxc6 27. Ned4 Ne4 28. Nxc6 Nxg3 29. Nxe7+ Nxe7 30. Rxc8+ Rxc8 31. hxg3 Nd5 32. Nc5 h5 33. Nxa6 Rc2 34. Bd4 f6 35. Nb8 e5 36. Bxe5 1-0

[Event "Early-Titled-Tuesday-Blitz-October-10-2023"]
[Site "Chess.com"]
[Date "2023.10.10"]
[Round "7"]
[White "Barmen_EV"]
[Black "Grandmaster1369"]
[Result "0-1"]
[WhiteElo "2490"]
[BlackElo "2776"]
[TimeControl "180+1"]
[EndTime "9:13:20 PDT"]
[Termination "Grandmaster1369 won by resignation"]

1. e4 c5 2. c3 d5 3. exd5 Qxd5 4.
d4 Nf6 5. Nf3 e6 6. Bd3 Be7 7.
O-O O-O 8. Be3 Rd8 9. h3 Nc6 10.
Re1 b6 11. Bc2 cxd4 12. cxd4 Bb7 13. Nc3 Qh5 14. a3 Rac8 15. Qd3 Na5 16. Ne5 Bd6 17. Bf4 Nc4 18. Bd1 Nxb2 19. Qg3 Nxd1 20. Raxd1 Bf8 21. f3 Rxc3 0-1

[Event "Early-Titled-Tuesday-Blitz-October-10-2023"]
[Site "Chess.com"]
[Date "2023.10.10"]
[Round "7"]
[White "Rosh1610"]
[Black "SanchezKelvin"]
[Result "0-1"]
[WhiteElo "2445"]
[BlackElo "2585"]
[TimeControl "180+1"]
[EndTime "9:13:24 PDT"]
[Termination "SanchezKelvin won by resignation"]

1. e4 e5 2. Nf3 Nc6 3. d4 exd4 4.
Nxd4 Qh4 5. Nc3 Bb4 6. Be2 Qxe4 7. Nxc6 Bxc3+ 8. bxc3 dxc6 9. O-O Be6 10. Bf3 Qc4 11.
Be3 Ne7 12. Rb1 Rd8 13. Qe1 b6 14. Rb4 Qxa2 15. Bg5 h6 16. Bxe7 Kxe7 17. Bxc6 Rd6 18. Be4 Rhd8 19. g3 Kf8 20. Kg2 a5 21. Rb5 Bc4 22. Re5 Bxf1+ 23. Qxf1 Re6 24. Qb5 Rxe5 25. Qxe5 Qe6 26. Qxc7 Qxe4+ 27. Kh3 Qe6+ 28. Kg2 Qd5+ 29. Kh3 Qd7+ 0-1

[Event "Early-Titled-Tuesday-Blitz-October-10-2023"]
[Site "Chess.com"]
[Date "2023.10.10"]
[Round "7"]
[White "seopie"]
[Black "Drags95"]
[Result "1-0"]
[WhiteElo "2797"]
[BlackElo "2872"]
[TimeControl "180+1"]
[EndTime "9:13:25 PDT"]
[Termination "seopie won by resignation"]

1. c4 c6 2. d4 d5 3. Nf3 Nf6 4. e3 Bg4 5. h3 Bh5 6. Nc3 e6 7. g4 Bg6 8. Ne5 Nbd7 9. Nxg6 hxg6 10. g5 Ne4 11. Nxe4 dxe4 12. h4 c5 13. Bg2 cxd4 14. exd4 Qc7 15. Qb3 Nb6 16. Qb5+ Qd7 17. Qxd7+ Kxd7 18. b3 f5 19. gxf6 gxf6 20. Bxe4 f5 21.
Bxb7 Rb8 22. Bf3 Bg7 23. Be3 Bf6 24. h5 g5 25. O-O-O f4 26. Bd2 Rhc8 27. Bc3 Nd5 28. Bb2 Nb4 29. Kb1 a5 30. d5 e5 31. Bg4+ 1-0

[Event "Early-Titled-Tuesday-Blitz-October-10-2023"]
[Site "Chess.com"]
[Date "2023.10.10"]
[Round "7"]
[White "NovozhilovSemen"]
[Black "Leonid_Starozhilov"]
[Result "1/2-1/2"]
[WhiteElo "2619"]
[BlackElo "2741"]
[TimeControl "180+1"]
[EndTime "9:13:34 PDT"]
[Termination "Game drawn by repetition"]

1. d4 Nf6 2. Nf3 g6 3. Nc3 Bg7 4. e4 d5 5. e5 Ne4 6. Bd3 Nxc3 7. bxc3 c5 8. Be3 Nc6 9. Qd2 c4 10. Be2 f6 11. Bh6 Bxh6 12. Qxh6 Qa5 13. Kd2 Bf5 14. Nh4 Nxd4 15. exf6 Nxe2 16. Kxe2 Qxc3 17. Nxf5 Qxc2+ 18. Kf1 Qxf5 19. fxe7 Kd7 20. Re1 Rae8 21. Qg7 Rhg8 22. Qxh7 Qh5 23. Qf7 Qf5 24. Qh7 Qh5 25. Qf7 Qf5 26. Qh7 1/2-1/2

[Event "Early-Titled-Tuesday-Blitz-October-10-2023"]
[Site "Chess.com"]
[Date "2023.10.10"]
[Round "7"]
[White "CFN_Good_Evening"]
[Black "Larina_Maria"]
[Result "0-1"]
[WhiteElo "1626"]
[BlackElo "2207"]
[TimeControl "180+1"]
[EndTime "9:13:35 PDT"]
[Termination "Larina_Maria won by resignation"]

1. Nf3 f5 2. d4 Nf6 3. Nc3 g6 4. g3 Bg7 5. Bg2 O-O 6. O-O c6 7. Bf4 Ne4 8. Nd2 d5 9. Be5 Nxc3 10. bxc3 Bxe5 11. dxe5 Nd7 12. f4 Qb6+ 13. Kh1 Qe3 14. c4 dxc4 15. Nxc4 Qc5 16. Qd3 Nb6 17. Nd2 Be6 18.
Nb3 Qb4 19. c3 Qa3 20. e4 Bc4 21. Qe3 Bxf1 22. Bxf1 fxe4 23. Qxe4 Qb2 24. Bh3 Rad8 25. Be6+ Kg7 26. Rf1 Qxa2 27. Nc5 Qa3 28. Nxb7 Qa6 29. Rf2 Qxb7 30. f5 Nd5 31. c4 Nc3 32. Qh4 c5+ 0-1

[Event "Early-Titled-Tuesday-Blitz-October-10-2023"]
[Site "Chess.com"]
[Date "2023.10.10"]
[Round "7"]
[White "jcibarra"]
[Black "Cheer_Down"]
[Result "1-0"]
[WhiteElo "2908"]
[BlackElo "2500"]
[TimeControl "180+1"]
[EndTime "9:13:40 PDT"]
[Termination "jcibarra won by resignation"]

1. e4 c5 2. Nf3 d6 3. d4 cxd4 4. Nxd4 Nf6 5. Nc3 a6 6. g3 e5 7. Nb3 Be7 8. Bg5 Nbd7 9. a4 b6 10. Bc4 Bb7 11. Qd3 Qc7 12. O-O O-O 13. Rfd1 Rfc8 14.
Nd2 h6 15. Bxf6 Nxf6 16. Bb3 Qc5 17. Nc4 Bc6 18. Ne3 b5 19. axb5 axb5 20. Rxa8 Rxa8 21.
Ncd5 Bd8 22. Nxf6+ Bxf6 23. Bd5 Bg5 24. Bxc6 Qxc6 25.
Nd5 Ra4 26. c3 Bd8 27. b4 g6 28. h4 h5 29. Kg2 Ra2 30. Re1 Bb6 31. Ne7+ 1-0

[Event "Early-Titled-Tuesday-Blitz-October-10-2023"]
[Site "Chess.com"]
[Date "2023.10.10"]
[Round "7"]
[White "ChessQueen"]
[Black "Masterbeaterr"]
[Result "1-0"]
[WhiteElo "2712"]
[BlackElo "2466"]
[TimeControl "180+1"]
[EndTime "9:13:44 PDT"]
[Termination "ChessQueen won by resignation"]

1. e4 e5 2. Nf3 Nc6 3. Bb5 a6 4. Ba4 Nf6 5. d4 exd4 6. O-O Be7 7. e5 Ne4 8. Nxd4 Nc5 9. Nf5 O-O 10. Qg4 g6 11.
Bxc6 dxc6 12. Nxe7+ Qxe7 13. Qg3 Bf5 14. Nc3 Rfe8 15. Bf4 Bxc2 16. Rfe1 Rad8 17. Bg5 Qe6 18. Bxd8 Rxd8 19. Qh4 Rd2 20. h3 Qf5 21. Re3 Ne6 22.
Rae1 g5 23. Qg3 Nf4 24. e6 fxe6 25. Re5 Qf6 26. Rxg5+ Bg6 27. Ne4 1-0

[Event "Early-Titled-Tuesday-Blitz-October-10-2023"]
[Site "Chess.com"]
[Date "2023.10.10"]
[Round "7"]
[White "kuanysh1981"]
[Black "Tssunami"]
[Result "1-0"]
[WhiteElo "2531"]
[BlackElo "2407"]
[TimeControl "180+1"]
[EndTime "9:13:51 PDT"]
[Termination "kuanysh1981 won by resignation"]

1. d4 a6 2. g3 g6 3. Bg2 Bg7 4. e4 d6 5. Ne2 Nd7 6. O-O c5 7. c4 Ngf6 8. Nbc3 O-O 9. d5 b5 10. cxb5 Rb8 11. a4 Ne5 12. h3 c4 13. Nd4 axb5 14.
axb5 Bd7 15. Nc6 Bxc6 16. bxc6 Nd3 17. Qe2 e6 18. Ra4 exd5 19. exd5 Re8 20. Qc2 Ne1 21. Qd2 Nxg2 22. Kxg2 Ne4 23. Nxe4 Rxe4 24. Qc2 Qe7 25. Rxc4 Re2 26. Qd3 Bxb2 27. Bg5 f6 28. Bf4 Ba3 29. Qxa3 g5 30. Bxd6 Qf7 31. Qf3 Rbb2 32. c7 1-0

[Event "Early-Titled-Tuesday-Blitz-October-10-2023"]
[Site "Chess.com"]
[Date "2023.10.10"]
[Round "7"]
[White "carloseduar100"]
[Black "Darko-Dimitrijevic"]
[Result "1-0"]
[WhiteElo "2323"]
[BlackElo "2150"]
[TimeControl "180+1"]
[EndTime "9:13:53 PDT"]
[Termination "carloseduar100 won by resignation"]

1. e4 d6 2. Nf3 Nf6 3. Nc3 c6 4. Bc4 d5 5. exd5 cxd5 6. Bb3 Nc6 7. d4 Bg4 8. Be3 e6 9. h3 Bh5 10. Qe2 Bb4 11. O-O O-O 12. a3 Ba5 13. g4 Bg6 14. Nh4 Ne4 15. Nxg6 Nxc3 16. bxc3 hxg6 17. Qd3 a6 18. f4 Qh4 19. Kg2 Bc7 20. Rf3 Ne7 21.
c4 dxc4 22. Bxc4 Nd5 23. Bd2 Qe7 24. c3 Qd6 25. Bb3 Rab8 26. c4 Nf6 27. Bb4 Qc6 28. Bxf8 Rxf8 29. d5 exd5 30. cxd5 Qd6 31. a4 g5 32.
Raf1 gxf4 33. Rxf4 Re8 34. R1f2 Re7 35. Bc2 Bb6 36.
Rxf6 1-0

[Event "Early-Titled-Tuesday-Blitz-October-10-2023"]
[Site "Chess.com"]
[Date "2023.10.10"]
[Round "7"]
[White "abelmat"]
[Black "Willi_Skibbe"]
[Result "1-0"]
[WhiteElo "1959"]
[BlackElo "2194"]
[TimeControl "180+1"]
[EndTime "9:13:59 PDT"]
[Termination "abelmat won by resignation"]

1. d4 f5 2. c4 Nf6 3. Bg5 e6 4. Nc3 Be7 5. Nf3 O-O 6. Bxf6 Bxf6 7. e4 fxe4 8. Nxe4 d5 9. Nxf6+ Qxf6 10. Bd3 Nc6 11.
O-O Bd7 12. Rc1 Be8 13. Qc2 Bg6 14. Bxg6 hxg6 15. cxd5 exd5 16. Qc5 Qd6 17. Qb5 Rxf3 18. Qxb7 Raf8 19. Rxc6 Qf4 20. gxf3 Qg5+ 21. Kh1 Rxf3 22. Rxc7 Qf6 23. Qxd5+ Kh7 24. Rc3 Rf5 25. Rh3+ 1-0

[Event "Early-Titled-Tuesday-Blitz-October-10-2023"]
[Site "Chess.com"]
[Date "2023.10.10"]
[Round "7"]
[White "MartinMatthiesen"]
[Black "Witik"]
[Result "1-0"]
[WhiteElo "2486"]
[BlackElo "2677"]
[TimeControl "180+1"]
[EndTime "9:14:01 PDT"]
[Termination "MartinMatthiesen won by resignation"]

1. d4 Nf6 2. c4 g6 3. Nc3 Bg7 4. Nf3 d6 5. g3 O-O 6. Bg2 Nc6 7.
O-O e5 8. dxe5 dxe5 9. Bg5 Qe8 10. Qc1 Bf5 11. Rd1 Ne4 12. Nd5 Nxg5 13. Nxg5 Rc8 14.
Ne4 f6 15. e3 Kh8 16. Nc5 Nd8 17. b4 c6 18. Nc3 Qe7 19. a3 Ne6 20. Rd7 Qe8 21.
Rxb7 Nxc5 22. bxc5 Be6 23. Ne4 Qd8 24. Rxa7 f5 25.
Nd6 e4 26. Nxc8 Bxc8 27. Rb1 g5 28. Rb8 f4 29. Raa8 Qc7 30. exf4 gxf4 31. Bh3 Bxh3 32.
Rxf8+ Bxf8 33. Rxf8+ Kg7 34. Rxf4 1-0

[Event "Early-Titled-Tuesday-Blitz-October-10-2023"]
[Site "Chess.com"]
[Date "2023.10.10"]
[Round "7"]
[White "KamlaPasand"]
[Black "soumeow"]
[Result "1/2-1/2"]
[WhiteElo "2452"]
[BlackElo "2299"]
[TimeControl "180+1"]
[EndTime "9:14:01 PDT"]
[Termination "Game drawn by agreement"]

1. e4 c5 2. Nf3 Nc6 3. d4 cxd4 4. Nxd4 Nf6 5. Nc3 d6 6. f3 e5 7. Nb3 Be6 8. Nd5 h6 9. Be3 Be7 10. c4 O-O 11. Bd3 Re8 12. O-O Bf8 13. Nd2 Bd7 14.
a3 Nxd5 15. exd5 Ne7 16. b4 b6 17. Qb3 Rb8 18. Rae1 f5 19. Qa2 Kh8 20. c5 Nxd5 21. Qxd5 Be6 22. Qc6 Bd7 23. Qd5 Be6 1/2-1/2

[Event "Early-Titled-Tuesday-Blitz-October-10-2023"]
[Site "Chess.com"]
[Date "2023.10.10"]
[Round "7"]
[White "BeanScreen"]
[Black "Bilan_Danila"]
[Result "0-1"]
[WhiteElo "2715"]
[BlackElo "2600"]
[TimeControl "180+1"]
[EndTime "9:14:04 PDT"]
[Termination "Bilan_Danila won by checkmate"]

1. e4 c6 2. d4 d5 3. exd5 cxd5 4. Bd3 Nc6 5. c3 Qc7 6. h3 g6 7. Nf3 Bf5 8. O-O Nf6 9. Re1 e6 10. Bg5 Be7 11. Bf1 h5 12. Nbd2 O-O-O 13. a4 Ne4 14.
Bxe7 Qxe7 15. a5 g5 16. a6 g4 17. axb7+ Kb8 18. Ne5 Nxe5 19. dxe5 gxh3 20. Qa4 h2+ 21. Kh1 Nxf2+ 22. Kxh2 Ng4+ 23. Kg3 h4+ 24. Kf4 Qxb7 25.
Ra3 Ka8 26. Rb3 Qc7 27. Bb5 Rc8 28. Ra1 Qxe5+ 29. Kg5 Rcg8# 0-1

[Event "Early-Titled-Tuesday-Blitz-October-10-2023"]
[Site "Chess.com"]
[Date "2023.10.10"]
[Round "7"]
[White "deribas12345"]
[Black "Efremov_Vlad"]
[Result "0-1"]
[WhiteElo "2580"]
[BlackElo "2370"]
[TimeControl "180+1"]
[EndTime "9:14:05 PDT"]
[Termination "Efremov_Vlad won by resignation"]

1. d4 Nf6 2. c4 e6 3. Nc3 Bb4 4. a3 Bxc3+ 5. bxc3 O-O 6. f3 c5 7. e4 Ne8 8. Bd3 Nc6 9. Ne2 b6 10. O-O Ba6 11. Qa4 Na5 12. f4 Nd6 13. e5 Bxc4 14.
Bxc4 Ndxc4 15. f5 exf5 16. Rxf5 d6 17. Qc2 cxd4 18. cxd4 dxe5 19. dxe5 Rc8 20. Bg5 Qd7 21. Qe4 Rfe8 22. Bf6 Nd6 23. Qg4 Nxf5 24. Bxg7 Rc4 25.
Qh3 Kxg7 26. Ng3 Qd4+ 0-1

[Event "Early-Titled-Tuesday-Blitz-October-10-2023"]
[Site "Chess.com"]
[Date "2023.10.10"]
[Round "7"]
[White "HanSchut"]
[Black "bazar-wokzal"]
[Result "0-1"]
[WhiteElo "2349"]
[BlackElo "2547"]
[TimeControl "180+1"]
[EndTime "9:14:10 PDT"]
[Termination "bazar-wokzal won by resignation"]

1. e4 Nc6 2. Nf3 d5 3. exd5 Qxd5 4. Nc3 Qa5 5. Bb5 Bd7 6. d4 a6 7. Ba4 O-O-O 8. Bd2 Qh5 9. Bxc6 Bxc6 10. Ne5 Qxd1+ 11.
Rxd1 Be8 12. Be3 f6 13. Nd3 e6 14. O-O Ne7 15. Nf4 Bf7 16. Rfe1 Nf5 17. d5 e5 18.
Nfe2 Nxe3 19. fxe3 Bc5 20. Ng3 Rd7 21. Kf1 Rhd8 22.
e4 c6 23. dxc6 Bc4+ 24. Nge2 bxc6 25. Rxd7 Rxd7 26. Rd1 Rxd1+ 27. Nxd1 Bxa2 28. b3 Bb1 29. c4 Bxe4 30. Ndc3 Bc2 31. Na4 Be3 0-1

[Event "Early-Titled-Tuesday-Blitz-October-10-2023"]
[Site "Chess.com"]
[Date "2023.10.10"]
[Round "7"]
[White "Ali_rastbod"]
[Black "xamax2000"]
[Result "0-1"]
[WhiteElo "2750"]
[BlackElo "2881"]
[TimeControl "180+1"]
[EndTime "9:14:13 PDT"]
[Termination "xamax2000 won by resignation"]

1. d4 Nf6 2. Bg5 d5 3. c3 c5 4.
e3 Qb6 5. Qb3 Ne4 6. Bf4 c4 7. Qc2 Bf5 8. Qc1 g5 9. Be5 f6 10. Bg3 h5 11. Nd2 h4 12. Bxb8 Rxb8 13. Nxe4 Bxe4 14. f3 Bg6 15. Be2 e5 16. Bd1 exd4 17.
exd4 Qe6+ 18. Kf2 Bd6 19. Ne2 Bd3 20. Qe3 Qxe3+ 21. Kxe3 Kf7 22. Kf2 Rhe8 23. Nc1 Bg6 24. Ne2 b5 25. a3 Rb7 26. Rc1 Rbe7 27. g3 Bd3 28. Re1 a5 29. Ra1 Re3 30. Rc1 f5 31. Ra1 R8e6 32. Rc1 Ke7 0-1

[Event "Early-Titled-Tuesday-Blitz-October-10-2023"]
[Site "Chess.com"]
[Date "2023.10.10"]
[Round "7"]
[White "SirStrateg"]
[Black "LuisFSiles"]
[Result "1-0"]
[WhiteElo "2591"]
[BlackElo "2344"]
[TimeControl "180+1"]
[EndTime "9:14:13 PDT"]
[Termination "SirStrateg won on time"]

1. d4 Nf6 2. Bf4 g6 3. e3 Bg7 4.
h3 O-O 5. Nf3 d6 6. c3 c5 7. Nbd2 Nc6 8. Be2 Be6 9. O-O Qb6 10.
Qb1 cxd4 11. cxd4 Bf5 12. Bd3 Bxd3 13. Qxd3 Rfc8 14. a3 a5 15. e4 d5 16. e5 Ne4 17.
Nxe4 dxe4 18. Qxe4 Qxb2 19. d5 Nd8 20. Rfb1 Qc2 21.
Qe1 a4 22. Bg3 Bh6 23. Rd1 Rc4 24. Qf1 Rac8 25. d6 exd6 26. exd6 Bg7 27. Be5 Qf5 28.
Bxg7 Kxg7 29. Rac1 Rxc1 30. Rxc1 Rc6 31. Nd4 1-0

[Event "Early-Titled-Tuesday-Blitz-October-10-2023"]
[Site "Chess.com"]
[Date "2023.10.10"]
[Round "7"]
[White "NicolaiMaxime"]
[Black "kleopl"]
[Result "0-1"]
[WhiteElo "2584"]
[BlackElo "2476"]
[TimeControl "180+1"]
[EndTime "9:14:14 PDT"]
[Termination "kleopl won on time"]

1. e4 c6 2. d4 d5 3. e5 c5 4. c3 Nc6 5. Nf3 Bg4 6. Be2 e6 7. O-O Bxf3 8. Bxf3 cxd4 9. cxd4 Qb6 10. Be3 Qxb2 11.
Nd2 Bb4 12. Rb1 Qa3 13. Rb3 Qa5 14. a3 Bxa3 15. Rxb7 Nge7 16. Nb3 Qa6 17. Rxe7+ Bxe7 18. Be2 Qb6 19. Qc2 O-O 20. Bd3 g6 21. Nc5 Rfc8 22. Qe2 Nxd4 23. Bxd4 Bxc5 24. Ba1 Rab8 25. h4 Bd4 26. h5 Bxa1 27. Rxa1 Qb2 28. Qd1 Qxe5 29.
hxg6 hxg6 30. Rxa7 Rc7 31. Ra1 Rbc8 32. Ba6 Qxa1 33. Qxa1 Rc1+ 0-1

[Event "Early-Titled-Tuesday-Blitz-October-10-2023"]
[Site "Chess.com"]
[Date "2023.10.10"]
[Round "7"]
[White "almaguerjm"]
[Black "Pawnpusher1245"]
[Result "0-1"]
[WhiteElo "2506"]
[BlackElo "2401"]
[TimeControl "180+1"]
[EndTime "9:14:16 PDT"]
[Termination "Pawnpusher1245 won by resignation"]

1. e4 e6 2. d3 d5 3. Nd2 Nc6 4.
g3 dxe4 5. dxe4 Bc5 6. Bg2 Nf6 7. Ngf3 O-O 8. O-O e5 9. Nb3 Bb6 10. Qxd8 Rxd8 11. Bg5 Be6 12. Bxf6 gxf6 13. Nh4 Nb4 14.
c3 Nd3 15. Rab1 a5 16. Nc1 Nxc1 17. Rbxc1 Rd2 18. c4 Bc5 19. b3 Rad8 20. Nf5 Bxf5 21. exf5 c6 22. Bf3 Rxa2 23. Rcd1 Rxd1 24. Bxd1 b5 25. cxb5 cxb5 26. Kg2 a4 27. bxa4 bxa4 28. Kf3 a3 29. Be2 Rb2 30. Rc1 a2 31. Ra1 e4+ 0-1

[Event "Early-Titled-Tuesday-Blitz-October-10-2023"]
[Site "Chess.com"]
[Date "2023.10.10"]
[Round "7"]
[White "ContrVersia"]
[Black "RETURNOFTHELAGGER"]
[Result "1/2-1/2"]
[WhiteElo "2889"]
[BlackElo "2697"]
[TimeControl "180+1"]
[EndTime "9:14:21 PDT"]
[Termination "Game drawn by repetition"]

1. Nf3 Nf6 2. c4 g6 3. g3 Bg7 4. Bg2 O-O 5. O-O c6 6. d4 d5 7.
Nbd2 dxc4 8. Nxc4 Be6 9. b3 h6 10. Bb2 Nbd7 11. Rc1 Nb6 12. Na5 Qd7 13. Ne5 Qc7 14. Qd2 Nfd5 15. Nd3 f5 16. Rfe1 Rad8 17. Nc5 Bc8 18. e4 fxe4 19. Rxe4 e5 20. dxe5 Nf4 21.
Qe1 Nxg2 22. Kxg2 Kh7 23. f4 Nd5 24. Nc4 Ne7 25. e6 Bxb2 26. Nxb2 b6 27. Ncd3 c5 28. Kg1 Bb7 29. Ne5 Bxe4 30. Qxe4 Nf5 31. Re1 Rd4 32. Qc2 Rd6 33. Nec4 Rd4 34. Ne5 Rd6 35.
Nec4 Rd4 36. Ne5 1/2-1/2

[Event "Early-Titled-Tuesday-Blitz-October-10-2023"]
[Site "Chess.com"]
[Date "2023.10.10"]
[Round "7"]
[White "Let_it_be_1"]
[Black "Balla_Tamas"]
[Result "1-0"]
[WhiteElo "2552"]
[BlackElo "2430"]
[TimeControl "180+1"]
[EndTime "9:14:21 PDT"]
[Termination "Let_it_be_1 won by resignation"]

1. e4 c5 2. Nf3 Nc6 3. d4 cxd4 4.
Nxd4 e5 5. Nb5 d6 6. Bc4 Nf6 7. Bg5 a6 8. Bxf6 gxf6 9. Qh5 Qe7 10. N5c3 Be6 11. Nd5 Bxd5 12. Bxd5 Nb4 13. Bb3 Rc8 14. Nc3 Rg8 15. O-O-O Rxg2 16. a3 Rxc3 17. bxc3 Nc6 18. Rhg1 Rxf2 19. Qxh7 d5 20. Bxd5 Qxa3+ 21. Kb1 Nd8 22.
Bb3 Ne6 23. Rgf1 Ng5 24. Qh5 Rxf1 25. Rxf1 Qe7 26. Rd1 Nxe4 27. Bxf7+ Qxf7 28. Rd8+ Kxd8 29. Qxf7 Be7 30. Qd5+ Nd6 31. h4 Ke8 32. Qg8+ Kd7 33. h5 e4 34. h6 e3 35. h7 f5 1-0